 Dungeon Crawl Stone Soup version 0.31.0-12-g77e489cdc1 (webtiles) character file.

Game seed: 3364207159311873532

13 PriceMaster the Sneak (level 2, 0/13 HPs)
             Began as a Spriggan Enchanter on Mar 3, 2024.
             Slain by a gnoll
             ... wielding a +0 flail
              (13 damage)
             ... on level 1 of the Dungeon.
             The game lasted 00:00:22 (303 turns).

PriceMaster the Sneak (Spriggan Enchanter)           Turns: 303, Time: 00:00:23

Health: 0/13       AC:  2    Str:  4    XL:     2   Next: 24%
Magic:  6/6        EV: 17    Int: 16    God:
Gold:   35         SH:  0    Dex: 15    Spells: 6/6 levels left

rFire   . . .        a - +1 dagger
rCold   . . .        (no shield)
rNeg    . . .        b - +0 robe
rPois   .            (helmet restricted)
rElec   .            (no cloak)
rCorr   .            (gloves unavailable)
SInv    +            (boots unavailable)
Will    .....        (no amulet)
Stlth   +++          (no ring)
HPRegen 0.22/turn    (no ring)
MPRegen 0.10/turn

%: no passive effects
@: very quick
A: very small, no large weapons, unfitting armour, see invisible, speed 3
a: no special abilities


You were on level 1 of the Dungeon.
You visited 1 branch of the dungeon, and saw 1 of its levels.

You collected 35 gold pieces.

Inventory:

Hand Weapons
 a - a +1 dagger (weapon)
Armour
 b - a +0 robe (worn)
Scrolls
 d - a scroll of identify {unknown}
 f - a scroll of poison {unknown}
Potions
 c - 2 potions of invisibility
 e - a potion of curing {unknown}


   Skills:
 * Level 1.4 Short Blades
 + Level 2.7 Dodging
 * Level 5.4 Stealth
 + Level 2.7 Spellcasting
 + Level 3.6 Hexes


You had 6 spell levels left.
You didn't know any spells.
Your spell library contained the following spells:

 Spells                   Type           Power      Damage    Failure   Level
 Confusing Touch          Hex            13%        N/A       13%         3
 Tukima's Dance           Hex            13%        N/A       13%         3
 Ensorcelled Hibernation  Hex/Ice        16%        N/A       14%         2
 Dazzling Flash           Conj/Hex       16%        N/A       26%         3


Dungeon Overview and Level Annotations

Branches:
Dungeon (1/15)

Altars:

Shops:
D:1 ((


Innate Abilities, Weirdness & Mutations

You are very small and have problems with some larger weapons.
You are too small for most types of armour.
You have supernaturally acute eyesight. (SInv)
You cover ground extremely quickly. (Speed+++)


Message History

You hit the hobgoblin.
You kill the hobgoblin!
You have reached level 2!
You now have 35 gold pieces (gained 9).
Found Famounki's Antique Weapon Emporium.
No target in view!
No target in view!
A kobold comes into view. It is wielding a +0 short sword.
Found a scroll labelled GIALUI HIRCH.
Found an escape hatch in the floor.
The helpless kobold fails to defend itself.
You impale the kobold!!
You kill the kobold!
No target in view!
No target in view!
No target in view!
No target in view!
No target in view!
No target in view!
f - a scroll labelled GIALUI HIRCH A quokka and a hobgoblin come into view.
An endoplasm, a gnoll and a goblin come into view.
The helpless quokka fails to defend itself.
You impale the quokka!!
You kill the quokka!
The endoplasm quivers.
The helpless hobgoblin fails to defend itself.
You impale the hobgoblin!!
You kill the hobgoblin!
The goblin shouts!
The gnoll shouts!
You hit the endoplasm.
The endoplasm is heavily wounded.
The endoplasm misses you.
You hit the endoplasm.
You kill the endoplasm!
You hit the gnoll.
The gnoll is lightly wounded.
A gnoll comes into view. It is wielding a +0 club.
The gnoll hits you with a +0 flail!
Ouch! That really hurt!
You die...

###+### .##
###.##....).. #.
............ .#
............ .#
......[...... #
........######
##############.##### #
...................# #
..........##.......# #
......g@..##.#.....# #
......g...##.#.....#####
.......#####.#.......>##
....... ..#........##
....... ###........##
....... ###........##
.##.... .......)......
g.... ....###......##
.... ########


You could see 2 gnolls and a goblin.

Vanquished Creatures
  2 endoplasms (D:1)
  A giant cockroach (D:1)
  2 hobgoblins (D:1)
  2 quokkas (D:1)
  2 ball pythons (D:1)
  2 kobolds (D:1)
11 creatures vanquished.

Notes
Turn   | Place    | Note
-------+----------+-------------------------------------------
     0 | D:1      | PriceMaster the Spriggan Enchanter began the quest for the
                  | Orb.
     0 | D:1      | Reached XP level 1. HP: 9/9 MP: 5/5
    46 | D:1      | Found Dyextorr's Antique Weapon Shop.
   211 | D:1      | Reached skill level 5 in Stealth
   262 | D:1      | Reached XP level 2. HP: 13/13 MP: 6/6
   274 | D:1      | Found Famounki's Antique Weapon Emporium.
   303 | D:1      | Slain by a gnoll

Illustrated notes

Levels and vault maps discovered:
D:1:      dpeg_arrival_another_circle, layout_basic, serial_shops,
          nicolae_shop_advertising_works [nicolae_subvault_shop_adworks], shop,
          shop, shop, minmay_door_square

Skill      XL: |  1 |
---------------+----+-----
Stealth        | 5 |  5.4
Short Blades   | |  1.4
Dodging        | |  2.7
Spellcasting   | |  2.7
Hexes          | |  3.6

Action                     || total
---------------------------++-------
  Melee: Dagger            ||    27
   Stab: Sleeping          ||     6
 Armour: Robe              ||     8
  Dodge: Dodged            ||    15
